 Dungeon Crawl Stone Soup version 0.27.0-1-g7a089689b8 (webtiles) character file.

Game seed: 8587524471555326528

35 agentchuck the Chucker (level 3, -1/28 HPs)
             Began as a Vampire Hunter on Aug 3, 2021.
             Slain by an iron imp (3 damage)
             ... summoned by Natasha
             ... on level 2 of the Dungeon.
             The game lasted 00:03:22 (851 turns).

agentchuck the Chucker (Vampire Hunter)              Turns: 851, Time: 00:03:23

Health: -1/28      AC:  3    Str: 11    XL:     3   Next: 17%
Magic:  3/3        EV: 12    Int: 13    God:
Gold:   49         SH:  0    Dex: 15    Spells: 2/2 levels left

rFire    . . .     SeeInvis +   a - +0 short sword
rCold    . . .     Faith    .   (no shield)
rNeg     . . .     Spirit   .   b - +0 leather armour
rPois    .         Reflect  .   (no helmet)
rElec    .         Harm     .   (no cloak)
rCorr    .         Rampage  .   (no gloves)
Will     .....                  (no boots)
Stlth    ++........             (no amulet)
HPRegen  0.29/turn              (no ring)
MPRegen  0.08/turn              (no ring)

@: healing quickly, slowed, very slow
A: alive, fangs 3, see invisible, vampiric 2
a: Exsanguinate


You were on level 2 of the Dungeon.
You visited 1 branch of the dungeon, and saw 2 of its levels.

You collected 49 gold pieces.


Innate Abilities, Weirdness & Mutations

Your natural rate of healing is accelerated.
You have razor-sharp teeth.
You have supernaturally acute eyesight. (SInv)
You are afflicted with vampirism and can become a bat while bloodless.


   Skills:
 * Level 2.5 Fighting
 * Level 1.8 Short Blades
 - Level 3.2 Throwing
 - Level 2.1 Dodging
 + Level 2.6 Stealth


You had 2 spell levels left.
You didn't know any spells.
Your spell library was empty.

Inventory:

Hand Weapons
 a - a +0 short sword (weapon)
Missiles
 c - 6 javelins
 d - a throwing net {=f}
 e - 47 stones (quivered)
Armour
 b - a +0 leather armour (worn)
Scrolls
 i - a scroll of identify {unknown}
 j - 2 scrolls of teleportation {unknown}
 k - a scroll of noise {unknown}
 m - a scroll of enchant weapon {unknown}
Potions
 f - a potion of flight {unknown}
 g - a potion of lignification {unknown}
 h - a potion of heal wounds {unknown}
 l - a potion of attraction {unknown}

Dungeon Overview and Level Annotations

Branches:
Dungeon (2/15)

Altars:

Annotations:
D:2 Natasha

## #.........# .#
#.........# ..
#.......).# .#
#........(#
..##.........#
#............#
#......h...#
#...5@5...# ##..5######
##...########### .
#....##...##...## ##
#...##....>.....## #
#.#..............#
#.####...#............#
#.......##............#
#..##..####........<.##


You could see an iron imp (summoned), Natasha, a crimson imp (summoned) and a
shadow imp (summoned).


Message History

The iron imp misses you. The crimson imp hits you.
Natasha casts a spell at you. The magic dart hits you.
Natasha struggles against the net.
The net rips apart, and Natasha comes free!
You closely miss Natasha.
Natasha is almost dead.
The crimson imp barely misses you. The iron imp barely misses you.
The crimson imp misses you. Natasha claws you. The iron imp barely misses you.
You hit Natasha but do no damage.
Natasha is almost dead.
Natasha claws you!
* * * LOW HITPOINT WARNING * * *
The crimson imp closely misses you. The iron imp hits you.
* * * LOW HITPOINT WARNING * * *
Throw: 2 throwing nets {=f}
Press: ? - help, Shift-Dir - straight line, f/p - Natasha
Aim: Natasha (almost dead, 53% to hit)
Okay, then.
Unknown command.
Unknown command.
Throw: 2 throwing nets {=f}
Press: ? - help, Shift-Dir - straight line, f/p - Natasha
Aim: Natasha (almost dead, 53% to hit)
You throw a throwing net {=f}.
The throwing net {=f} barely misses Natasha.
The crimson imp hits you.
* * * LOW HITPOINT WARNING * * *
Natasha casts a spell.
The iron imp hits you.
You die...

Skill      XL: |  1 |
---------------+----+-----
Fighting       | 2 |  2.5
Short Blades   | 1 |  1.8
Stealth        | 2 |  2.6
Throwing       | |  3.2
Dodging        | |  2.1

Action                   || total
-------------------------++-------
Melee: Short sword       ||    57
       Bite              ||     5
Throw: Stone             ||    28
       Javelin           ||     3
       Throwing net      ||     2
 Stab: Sleeping          ||     1
Armor: Leather armour    ||    10
Dodge: Dodged            ||    49

Levels and vault maps discovered:
D:1:      minmay_arrival_nine_rooms, layout_rooms,
          hellmonk_ecumenical_altar_run_dry
D:2:      layout_rooms, grunt_ministairs_3, uniq_natasha

Notes
Turn   | Place    | Note
-------+----------+-------------------------------------------
     0 | D:1      | agentchuck the Vampire Hunter began the quest for the Orb.
     0 | D:1      | Reached XP level 1. HP: 16/16 MP: 1/1
    33 | D:1      | Found a faded altar of an unknown god.
   137 | D:1      | Reached skill level 2 in Fighting
   137 | D:1      | Reached skill level 1 in Short Blades
   137 | D:1      | Reached skill level 2 in Stealth
   137 | D:1      | Reached XP level 2. HP: 13/22 MP: 2/2
   564 | D:1      | Gained mutation: You are afflicted with vampirism and can
                  | become a bat while bloodless. [Vampire growth]
   564 | D:1      | Reached XP level 3. HP: 18/28 MP: 3/3
   842 | D:2      | Noticed Natasha
   851 | D:2      | HP: 2/28 [crimson imp[Natasha] (3)]
   851 | D:2      | Slain by an iron imp

Vanquished Creatures
  A gnoll (D:1)
  4 ball pythons (D:1)
  5 endoplasms
  2 goblins
  4 hobgoblins (D:1)
  A jackal (D:1)
  A quokka (D:1)
  A kobold (D:1)
  5 rats (D:1)
24 creatures vanquished.

Table legend: (Time is in decaauts)
 A = Elapsed time spent in this place.
 B = Non-inter-level travel time spent in this place.
 C = Inter-level travel time spent in this place.
 D = Time resting spent in this place.
 E = Time spent auto-exploring this place.
 F = Levels seen in this place.
 G = Mean time per level.
                   A        B        C        D        E       F      G
               +--------+--------+--------+--------+--------+-----+--------+
         Total |    856 |    830 |     26 |     89 |    328 |   2 |  428.0 |
       Dungeon |    856 |    830 |     26 |     89 |    328 |   2 |  428.0 |
               +--------+--------+--------+--------+--------+-----+--------+

Top non-repeatable levels by time:
     D:1: 739 daAuts
     D:2: 117 daAuts

Table legend:
 A = Non-vault XP
 B = Vault XP
 C = Vault XP percentage of total XP
 D = Non-vault monster count
 E = Vault monster count
 F = Vault count percentage of total count
                 A         B        C        D         E       F
            +---------+---------+-------+---------+---------+-------
      Total |      51 |       0 |   0.0 |      24 |       0 |   0.0
            +---------+---------+-------+---------+---------+-------
        D:1 |      47 |       0 |   0.0 |      22 |       0 |   0.0
        D:2 |       4 |       0 |   0.0 |       2 |       0 |   0.0
            +---------+---------+-------+---------+---------+-------
